 Dungeon Crawl Stone Soup version 0.29-a0-757-g358383b (webtiles) character file.

Game seed: 14245771888781226920

1738 Illumine the Poker (level 8, 0/72 (73) HPs)
             Began as a Minotaur Delver on June 30, 2022.
             Was an Initiate of Hepliaklqana.
             Succumbed to a hornet's poison
             ... on level 6 of the Dungeon.
             The game lasted 00:07:31 (6508 turns).

Illumine the Poker (Minotaur Delver)                Turns: 6508, Time: 00:07:31

HP:   0/72 (73)     AC: 11    Str: 19    XL:     8   Next: 77%
MP:   0/7           EV:  7    Int:  7    God:    Hepliaklqana [......]
Gold: 364           SH:  5    Dex: 12    Spells: 7/7 levels left

rFire   + . .      SeeInvis .   u - +5 trident "Cookie Cutter" {freeze, rF+}
rCold   . . .      Faith    .   w - +0 buckler
rNeg    . . .      Spirit   +   z - +0 chain mail
rPois   .          Reflect  .   (helmet restricted)
rElec   .          Harm     .   k - +0 cloak
rCorr   .          Rampage  .   (no gloves)
Will    .....                   (no boots)
Stlth   ..........              e - amulet of guardian spirit
HPRegen 0.22/turn               (no ring)
MPRegen 0.10/turn               (no ring)

@: lethally poisoned (0 -> -5), attractive, lightly drained
A: horns 2, retaliatory headbutt
a: Renounce Religion


You were on level 6 of the Dungeon.
You worshipped Hepliaklqana.
Hepliaklqana was noncommittal.
You visited 2 branches of the dungeon, and saw 8 of its levels.

You collected 364 gold pieces.

Inventory:

Hand Weapons
 a - a +1 hand axe
 u - the +5 trident "Cookie Cutter" (weapon) {freeze, rF+}
   (You found it on level 4 of the Dungeon)

   It freezes those it strikes, dealing additional cold damage.
   It can also slow down cold-blooded creatures.
   rF:        It protects you from fire.
Missiles
 x - 5 poisoned darts (quivered)
Armour
 b - a +0 leather armour
 k - a +0 cloak (worn)
 w - a +0 buckler (worn)
 z - a +0 chain mail (worn)
Jewellery
 e - an amulet of guardian spirit (around neck)
 h - an amulet of the acrobat
 l - a ring of flight
 v - an amulet of regeneration
Wands
 g - a wand of digging (3)
 y - a wand of acid (11)
Scrolls
 c - a scroll of fog
 d - 2 scrolls of enchant weapon
 i - 4 scrolls of poison {unknown}
 j - 2 scrolls of enchant armour {unknown}
 m - 3 scrolls of teleportation {unknown}
 n - 3 scrolls of magic mapping
 o - 3 scrolls of immolation {unknown}
 p - 3 scrolls of identify {unknown}
 q - a scroll of acquirement {unknown}
 t - 2 scrolls of blinking
Potions
 f - a potion of haste
 r - a potion of cancellation


   Skills:
 + Level 7.0 Fighting
 - Level 5.4(7.3) Axes
 * Level 7.4(8.3) Polearms
 + Level 5.8 Armour
 - Level 2.1 Dodging
 - Level 4.1 Stealth
 - Level 4.7 Shields
 + Level 0.5 Evocations


You had 7 spell levels left.
You didn't know any spells.
Your spell library was empty.

Dungeon Overview and Level Annotations

Branches:
Dungeon (7/15)             Temple (1/1) D:7

Altars:
Cheibriados
Dithmenos
Gozag
Hepliaklqana
Kikubaaqudgha
Sif Muna
Trog
Xom
Yredelemnul
The Shining One
Beogh

Portals:
Abyss: D:3

Annotations:
D:3 2 transporters, BleedingAnus's ghost, amateur HOMo


Innate Abilities, Weirdness & Mutations

You have a pair of horns on your head.
You reflexively headbutt those who attack you in melee.


Message History

The ufetubus hits you.
* * * LOW HITPOINT WARNING * * *
The ufetubus hits you but does no damage.
The wight is attracted toward you.
Unknown command.
Okay, then.
Okay, then.
Blink to where?
Press: ? - help, Dir - move target
As you read the scroll labelled YSOHYIP UMETUG, it crumbles to dust.
It was a scroll of blinking.
* * * LOW HITPOINT WARNING * * *
You feel very sick. The ufetubus is attracted toward you.
The hornet is attracted toward you. The wight is attracted toward you. x2
* * * LOW HITPOINT WARNING * * *
You feel very sick. The ufetubus barely misses you. x2
The ufetubus hits you but does no damage. x2
The wight closely misses you. The wight barely misses you.
The hornet barely misses you. You furiously retaliate!
You headbutt the hornet. A mysterious force pulls you upwards.
The hatch slams shut behind you.
You feel yourself speed up.
* * * LOW HITPOINT WARNING * * *
You feel very sick.
Unknown command.
As you read the scroll labelled FOUVVI POUH, it crumbles to dust.
It is a scroll of enchant weapon.
Your +0 hand axe glows red for a moment.
* * * LOW HITPOINT WARNING * * *
You feel sick. You block the ufetubus's attack.
The ufetubus hits you but does no damage.
The wight hits you with a +0 battleaxe.
* * * LOW HITPOINT WARNING * * *
You feel drained.
The ufetubus hits you but does no damage. x2
Unknown command.
You puncture the ufetubus!
You kill the ufetubus!
You die...

.....# #.##########.#
.....########.# #.#
..............# #.#
.....##.#####.# #.#
.....#...####.####### #.#
....................# #.#
..#.##...#.......##.# #.#
###.###.##.##.##.##.# #.#
###.###.##.##.##@##.####.#
#.....#.##...<...z.......#
..###.#.##..####.#.#.#######
..# #...##..#.....###......#
..###...##.......## ##...#>#
........###.#.###.###....#.#
....##.#......# ##.#.##.##.#
.##.##..###.### ##.###.##.#
.##.(........### ### #.##.#


You could see a wight.

Vanquished Creatures
  Duvessa (D:7)
  A sky beast (D:7)
  A water moccasin (D:6)
  An ogre (D:7)
  Blork the orc (D:5)
  2 necrophages (D:5)
  4 scorpions
  Dowan (D:7)
  A wight (D:7)
  2 killer bees (D:6)
  2 howler monkeys (D:7)
  A hound (D:7)
  2 jellies
  4 orc priests
  5 iguanas
  3 orc wizards
  7 gnolls (D:5)
  8 adders
  A shadow imp (D:6)
  A white imp (D:6)
  3 ufetubi
  A worm (D:5)
  2 dart slugs (D:1)
  13 orcs
  8 ball pythons
  9 bats
  5 endoplasms
  3 giant cockroaches
  3 goblins (D:1)
  7 hobgoblins
  2 jackals (D:1)
  6 kobolds
  2 quokkas
  2 frilled lizards (D:1)
  6 rats
121 creatures vanquished.

Vanquished Creatures (others)
  32 plants (D:5)
32 creatures vanquished.

Grand Total: 153 creatures vanquished

Notes
Turn   | Place    | Note
-------+----------+-------------------------------------------
     0 | D:5      | Illumine the Minotaur Delver began the quest for the Orb.
     0 | D:5      | Reached XP level 1. HP: 19/19 MP: 0/0
     1 | D:5      | Noticed an orc wizard
   353 | D:1      | Reached XP level 2. HP: 26/26 MP: 1/1
   696 | D:1      | Reached XP level 3. HP: 30/33 MP: 2/2
   809 | D:1      | Reached skill level 1 in Armour
   843 | D:1      | Found a faded altar of an unknown god.
  1108 | D:2      | Reached XP level 4. HP: 19/40 MP: 3/3
  1829 | D:3      | Found a one-way gate to the infinite horrors of the Abyss.
  1829 | D:3      | Noticed BleedingAnus's ghost (amateur HOMo)
  1899 | D:3      | Noticed a small abomination
  1907 | D:3      | Found a transporter.
  1926 | D:3      | Found a transporter.
  2285 | D:4      | Reached skill level 5 in Axes
  2292 | D:4      | Reached XP level 5. HP: 34/47 MP: 2/4
  2855 | D:4      | Identified the +5 trident "Cookie Cutter" {freeze, rF+}
  2891 | D:4      | Reached skill level 1 in Polearms
  3572 | D:5      | Reached XP level 6. HP: 24/55 MP: 2/5
  3782 | D:5      | Reached skill level 5 in Fighting
  3782 | D:5      | Reached skill level 1 in Shields
  4145 | D:5      | Reached XP level 7. HP: 51/61 MP: 4/6
  4237 | D:5      | Noticed Blork the orc
  4249 | D:5      | HP: 1/60 [Blork the orc/+0 mace (5)]
  4251 | D:5      | Killed Blork the orc
  4866 | D:6      | Found a bloodstained altar of Trog.
  5113 | D:6      | Reached skill level 5 in Polearms
  5306 | D:6      | Found a shimmering altar of Xom.
  5318 | D:6      | Reached XP level 8. HP: 56/70 MP: 5/7
  5655 | D:7      | Found a staircase to the Ecumenical Temple.
  5664 | Temple   | Entered the Ecumenical Temple
  5673 | Temple   | Became a worshipper of Hepliaklqana the Forgotten
  5723 | D:7      | Reached skill level 5 in Armour
  5756 | D:6      | HP: 3/71 [poisoned by a killer bee]
  5757 | D:6      | HP: 1/71 [poisoned by a killer bee]
  6196 | D:7      | Identified the +10 dagger of Rubbish {freeze, Will+ Str+2
                  | Int+2}
  6230 | D:7      | Noticed Duvessa
  6248 | D:7      | Killed Duvessa
  6283 | D:7      | Noticed Dowan
  6293 | D:7      | Killed Dowan
  6389 | D:7      | Found an ancient bone altar of Kikubaaqudgha.
  6495 | D:7      | Noticed a hornet
  6499 | D:7      | Paralysed by a hornet for 2 turns
  6507 | D:6      | HP: 3/73 [poisoned by a hornet]
  6507 | D:6      | HP: 1/73 [wight/+0 battleaxe (2)]
  6508 | D:6      | Succumbed to a hornet's poison

Illustrated notes

Levels and vault maps discovered:
D:1:      dpeg_arrival_tiny_a, layout_rooms,
          hellmonk_ecumenical_altar_defaced_shrine
D:2:      layout_rooms
D:3:      layout_rooms, gammafunk_ghost_abyssal_escape
D:4:      layout_loops_corners, amcnicky_mini_rare_corridor_liquid
D:5:      layout_loops_ring, serial_bayou_lagoon_a, uniq_blork_the_orc
D:6:      layout_loops_ring, mainiacjoe_overflow_small_starburst,
          trog_three_pillars_becter
D:7:      layout_rooms, mainiacjoe_overflow_surrounded_room,
          lemuel_temple_firewalk_b, lemuel_flamethrower_2, uniq_duvessa
Temple:   mainiacjoe_temple_coin_purse

Skill      XL: |  1  2  3  4  5  6  7  8 |
---------------+-------------------------+-----
Axes           | 3 4 5 |  5.4
Armour         | 1 2 3 4 5 |  5.8
Fighting       | 4 5 6 7 |  7.0
Polearms       | 2 3 5 7 |  7.4
Shields        | 2 3 4 |  4.7
Dodging        | |  2.1
Stealth        | |  4.1
Evocations     | |  0.5

Action                   |  1- 3 |  4- 6 |  7- 9 || total
-------------------------+-------+-------+-------++-------
Melee: Hand axe          |    70 |    59 |       ||   129
       Headbutt          |    10 |    21 |    10 ||    41
       Trident           |       |    69 |   114 ||   183
Throw: Dart              |       |       |     2 ||     2
  Use: Scroll            |     2 |     1 |     2 ||     5
       Potion            |       |       |     8 ||     8
 Stab: Sleeping          |     2 |     8 |       ||    10
       Distracted        |       |     1 |       ||     1
Armor: Leather armour    |    21 |    18 |     2 ||    41
       Chain mail        |       |       |    49 ||    49
Dodge: Dodged            |    51 |    64 |    39 ||   154
Block: Buckler           |       |     2 |    19 ||    21

Table legend: (Time is in decaauts)
 A = Elapsed time spent in this place.
 B = Non-inter-level travel time spent in this place.
 C = Inter-level travel time spent in this place.
 D = Time resting spent in this place.
 E = Time spent auto-exploring this place.
 F = Levels seen in this place.
 G = Mean time per level.
                   A        B        C        D        E       F      G
               +--------+--------+--------+--------+--------+-----+--------+
         Total |   6524 |   6304 |    220 |    915 |   4336 |   8 |  815.5 |
       Dungeon |   6506 |   6294 |    212 |    915 |   4335 |   7 |  929.4 |
        Temple |     18 |     10 |      8 |      0 |      1 |   1 |   18.0 |
               +--------+--------+--------+--------+--------+-----+--------+

Top non-repeatable levels by time:
     D:5: 1697 daAuts
     D:6: 1150 daAuts
     D:4: 1140 daAuts
     D:2: 733 daAuts
     D:3: 674 daAuts
     D:1: 632 daAuts
     D:7: 478 daAuts
  Temple: 18 daAuts
